 Dungeon Crawl Stone Soup version 0.17.1-3-g152610e (webtiles) character file.

11604 lkarasikl the Carver (level 12, -6/148 HPs)
             Began as a Human Fighter on Mar 22, 2016.
             Mangled by a 15-headed hydra (10 damage)
             ... on level 2 of the Lair of Beasts.
             The game lasted 01:22:24 (13086 turns).

lkarasikl the Carver (Human Fighter)               Turns: 13086, Time: 01:22:24

Health: -6/148     AC: 26    Str: 20    XL:     12   Next: 9%
Magic:  12/12      EV:  2    Int:  8    God:
Gold:   571        SH: 12    Dex: 20    Spells: 1 memorised, 10 levels left

rFire  . . .     SeeInvis .     H - +3 long sword (freeze)
rCold  . . .     Clarity  .     (armour currently unavailable)
rNeg   + + +     SustAt   .     c - +0 shield
rPois  +         Gourm    .     (helmet currently unavailable)
rElec  .         Spirit   .     (cloak currently unavailable)
rCorr  .         Warding  .     (gloves currently unavailable)
rMut   .         NoTele   +     (boots currently unavailable)
MR     .....                    (no amulet)
Stlth  +++.......               (no ring)
                                I - ring of flight

@: agile, tree-form, not resistant to hostile enchantments, fairly stealthy
A: no striking features
a: no special abilities


You were on level 2 of the Lair of Beasts.
You were not hungry.
You were a tree.
You visited 3 branches of the dungeon, and saw 12 of its levels.

You collected 571 gold pieces.

Inventory:

Hand Weapons
 a - a +1 long sword
 H - a +3 long sword of freezing (weapon)
Missiles
 i - 2 javelins (quivered)
 w - 6 silver javelins
Armour
 c - a +0 shield (worn)
 l - a +4 plate armour (melded)
 r - a cursed +0 large shield
 A - a +1 cloak (melded)
Jewellery
 q - an uncursed amulet of inaccuracy
 I - a ring of flight (left branch)
Wands
 h - a wand of lightning (8)
 m - a wand of enslavement (8)
 n - a wand of slowing (30)
 y - a wand of draining (7)
 D - a wand of paralysis (15)
 E - a wand of disintegration (16)
Scrolls
 g - 2 scrolls of remove curse
 o - 5 scrolls of noise
 t - 6 scrolls of magic mapping
 B - 6 scrolls of identify
 G - 2 scrolls of amnesia
 K - a scroll of enchant weapon
 M - a scroll of summoning {unknown}
Potions
 b - a potion of resistance {unknown}
 d - 2 potions of might
 e - a potion of beneficial mutation {unknown}
 s - a potion of cancellation {unknown}
 u - a potion of poison {unknown}
 v - 3 potions of lignification
 x - a potion of invisibility
 z - a potion of agility
Books
 f - an Akashic Record

   Spells                             Type                      Level
   a - Dispersal                      Translocation                6
   b - Malign Gateway                 Summoning/Translocation      7
   c - Disjunction                    Translocation                8
   d - Controlled Blink               Translocation                8
 C - a book of Party Tricks

   Spells                             Type                      Level
   a - Summon Butterflies             Summoning                    1
   b - Apportation                    Translocation                1
   c - Tukima's Dance                 Hexes                        3
   d - Alistair's Intoxication        Transmutation/Poison         4
   e - Invisibility                   Hexes                        6
Comestibles
 j - 9 slices of pizza
 k - 23 fruits
 p - 2 meat rations
 F - 2 royal jellies
 J - 2 beef jerkies
 L - a bread ration


   Skills:
 + Level 10.6 Fighting
 + Level 11.0 Long Blades
 + Level 9.2 Armour
 - Level 0.2 Dodging
 + Level 9.7 Shields


You had 10 spell levels left.
You knew the following spells:

 Your Spells              Type           Power        Failure   Level  Hunger
a - Summon Butterflies    Summ           #.......     83%         1    ##.....


Dungeon Overview and Level Annotations

Branches:
Dungeon (9/15)             Temple (1/1) D:4            Lair (2/8) D:9
    Orc: D:9-12

Altars:
Ashenzari
Cheibriados
Dithmenos
Elyvilon
Fedhas
Gozag
Kikubaaqudgha
Makhleb
Nemelex Xobeh
Okawaru
Qazlal
Ru
Sif Muna
Trog
Vehumet
Xom
Yredelemnul
Zin
The Shining One

Annotations:
D:3 Kiel97's ghost, amateur TeMo
D:5 Blunderbuss's ghost, amateur MfMo


Message History

The 13-headed hydra bites you.
* * * LOW HITPOINT WARNING * * *
You block the 13-headed hydra's attack.
The 13-headed hydra bites you but does no damage. x5
The 13-headed hydra bites you.
* * * LOW HITPOINT WARNING * * *
You hack one of the 13-headed hydra's heads off!
The 12-headed hydra grows two more!
You hit the 14-headed hydra. You freeze the 14-headed hydra.
The 14-headed hydra seems to slow down.
The 14-headed hydra is severely wounded.
You slice one of the 14-headed hydra's heads off!
The 13-headed hydra grows two more!
You slash the 15-headed hydra! You freeze the 15-headed hydra.
The 15-headed hydra seems to slow down.
The 15-headed hydra is almost dead.
You block the 15-headed hydra's attack.
The 15-headed hydra bites you but does no damage. x2
The 15-headed hydra bites you!
* * * LOW HITPOINT WARNING * * *
The 15-headed hydra bites you!
You die...

............. ..##
##.......... P..#
#P.......... #.P#
##.......†..
#..#####.#..P.####†
#............## ##
##...........## ##
#P...........## #. ###
##.♣..........# #.
.##.P##PD...........#####.
..........###.............
.........## #..(...#......
..........# ##.#...#......
##PPP.....# #..#...#......
#........#####.#...#...###
...........##...##+....# .
P.###..†...............###


You could see a 15-headed hydra.

Vanquished Creatures
  2 deep trolls (D:9)
  2 spiny frogs (Lair:1)
  6 trolls (D:9)
  Grinder (D:4)
  A two-headed ogre (D:9)
  A hog (D:8)
  A deep elf mage (D:9)
  A human (D:8)
  A wyvern (D:8)
  2 deep elf fighters (D:4)
  Menkaure (D:4)
  A hungry ghost (D:9)
  3 hippogriffs
  The ghost of kirsanium the Sneak, an amateur VSAs of Okawaru (D:4)
  2 porcupines (Lair:1)
  2 black bears
  3 phantoms
  A wasp (D:9)
  5 ogres
  A sky beast (D:7)
  3 ice beasts
  5 orc warriors
  3 water moccasins
  The ghost of Blunderbuss the Ducker, an amateur MfMo (D:7)
  Blork the orc (D:5)
  2 crocodiles
  2 centaurs
  10 giant frogs
  2 gnoll sergeants
  A wyvern zombie (D:6)
  A water moccasin zombie (D:9)
  4 scorpions
  8 wights
  3 killer bees (D:8)
  An electric eel (D:9)
  2 crimson imps (D:9)
  A giant frog zombie (D:8)
  A centaur zombie (D:7)
  6 hounds
  5 orc priests
  A centaur skeleton (D:4)
  Crazy Yiuf (D:7)
  A jelly (D:5)
  3 giant frog skeletons
  5 worker ants
  6 iguanas
  6 orc wizards
  8 sheep
  10 adders
  A worker ant zombie (D:8)
  10 gnolls
  8 river rats (Lair:2)
  A shadow imp (D:8)
  2 adder skeletons (D:5)
  An adder zombie (D:6)
  A worm (D:5)
  28 orcs
  A ball python (D:3)
  4 hobgoblins
  21 jackals
  4 quokkas
  8 bats
  10 giant cockroaches
  7 giant geckos
  2 giant gecko skeletons
  5 giant newts
  12 goblins
  11 kobolds
  2 quokka skeletons (D:4)
  3 quokka zombies
  5 rats
  2 fungi (D:4)
290 creatures vanquished.

Vanquished Creatures (others)
  A deep elf fighter (D:5)
  2 fungi
3 creatures vanquished.

Grand Total: 293 creatures vanquished

Notes
Turn   | Place    | Note
--------------------------------------------------------------
     0 | D:1      | lkarasikl the Human Fighter began the quest for the Orb.
     0 | D:1      | Reached XP level 1. HP: 18/18 MP: 1/1
   393 | D:1      | Reached XP level 2. HP: 21/24 MP: 2/2
   695 | D:2      | Reached XP level 3. HP: 24/29 MP: 3/3
  1194 | D:2      | Reached XP level 4. HP: 35/35 MP: 4/4
  1387 | D:3      | Noticed Kiel97's ghost (amateur TeMo)
  2009 | D:3      | Found a shattered altar of Ashenzari.
  2315 | D:4      | Reached skill level 4 in Shields
  2315 | D:4      | Reached XP level 5. HP: 42/42 MP: 5/5
  2387 | D:4      | Found a staircase to the Ecumenical Temple.
  2404 | D:4      | Noticed kirsanium's ghost (amateur VSAs)
  2429 | D:4      | Killed kirsanium's ghost
  2429 | D:4      | Reached XP level 6. HP: 24/48 MP: 6/6
  2445 | Temple   | Entered the Ecumenical Temple
  2994 | D:4      | Noticed Menkaure
  3017 | D:4      | Killed Menkaure
  3017 | D:4      | Reached XP level 7. HP: 21/55 MP: 7/7
  3228 | D:4      | Noticed Grinder
  3245 | D:4      | Paralysed by Grinder for 4 turns
  3277 | D:4      | Killed Grinder
  3657 | D:4      | Found a snail-covered altar of Cheibriados.
  3674 | D:4      | Reached skill level 5 in Shields
  3959 | D:5      | Entered Level 5 of the Dungeon
  3961 | D:5      | Noticed a deep elf fighter
  3965 | D:5      | Reached skill level 5 in Long Blades
  3989 | D:4      | Reached skill level 8 in Fighting
  3989 | D:4      | Reached XP level 8. HP: 3/69 MP: 8/8
  4025 | D:4      | Reached XP level 9. HP: 23/75 MP: 9/9
  4306 | D:4      | Killed a deep elf fighter
  4306 | D:4      | Reached skill level 9 in Long Blades
  4498 | D:5      | Noticed a deep elf fighter
  4498 | D:5      | Noticed a deep elf fighter
  4527 | D:5      | Killed a deep elf fighter
  4553 | D:4      | Killed a deep elf fighter
  4865 | D:5      | Noticed Blork the orc
  4878 | D:5      | Killed Blork the orc
  4932 | D:5      | Noticed Blunderbuss's ghost (amateur MfMo)
  4955 | D:5      | HP: 1/75 [Blunderbuss's ghost (16)]
  5619 | D:5      | Found a shimmering altar of Xom.
  5620 | D:5      | Found a shimmering altar of Xom.
  5622 | D:5      | Found a shimmering altar of Xom.
  6057 | D:6      | Found a stormy altar of Qazlal.
  6435 | D:6      | Reached XP level 10. HP: 83/83 MP: 10/10
  6967 | D:3      | Found an iron altar of Okawaru.
  6972 | D:3      | Found a deep blue altar of Sif Muna.
  7386 | D:7      | Killed Blunderbuss's ghost
  7610 | D:7      | Learned a level 1 spell: Summon Butterflies
  7740 | D:7      | Noticed Crazy Yiuf
  7751 | D:7      | Killed Crazy Yiuf
  8839 | D:8      | Reached skill level 10 in Long Blades
  9415 | D:9      | Found a staircase to the Lair.
  9423 | D:9      | Found a runed door.
  9423 | D:9      | Found a runed door.
  9445 | D:9      | Reached XP level 11. HP: 90/90 MP: 11/11
  9457 | D:9      | Noticed a deep troll
  9473 | D:9      | Killed a deep troll
  9590 | D:9      | Reached skill level 10 in Fighting
  9725 | D:9      | Noticed a deep troll
  9889 | D:9      | Killed a deep troll
 11039 | D:9      | Found a sacrificial altar of Ru.
 11905 | Lair:1   | Entered Level 1 of the Lair of Beasts
 12595 | Lair:1   | Reached XP level 12. HP: 69/99 MP: 12/12
 12979 | Lair:2   | Reached skill level 11 in Long Blades
 13061 | Lair:2   | Noticed a four-headed hydra
 13086 | Lair:2   | HP: 4/148 [15-headed hydra (9)]
 13086 | Lair:2   | Mangled by a 15-headed hydra

Action                   |  1- 3 |  4- 6 |  7- 9 | 10-12 || total
-------------------------+-------+-------+-------+-------++-------
Melee: Long sword        |   159 |   180 |   397 |   775 ||  1511
  Use: Scroll            |       |     9 |     4 |     7 ||    20
       Potion            |       |     1 |     6 |     7 ||    14
 Stab: Paralysed         |       |       |       |     1 ||     1
  Eat: Pizza             |     1 |       |       |       ||     1
       Meat ration       |       |     1 |     1 |       ||     2
       Royal jelly       |       |     1 |     1 |       ||     2
       Fruit             |       |       |     1 |     2 ||     3
       Bread ration      |       |       |     1 |     6 ||     7
